 Dungeon Crawl Stone Soup version 0.31.0-4-g52a2dc7128 (webtiles) character file.

Game seed: 5502718109802131729

207 BeingJoeMalik the Conjurer (level 5, 0/42 HPs)
             Began as a Naga Air Elementalist on Jan 23, 2024.
             Slain by an orc
             ... wielding a +0 trident
              (7 damage)
             ... on level 3 of the Dungeon.
             The game lasted 00:09:19 (3158 turns).

BeingJoeMalik the Conjurer (Naga Air Elementalist)  Turns: 3158, Time: 00:09:20

Health: 0/42       AC:  2    Str: 11    XL:     5   Next: 85%
Magic:  4/8        EV:  9    Int: 29    God:
Gold:   197        SH:  0    Dex: 11    Spells: 0/8 levels left

rFire   . . .        f - +0 dagger (vamp)
rCold   . . .        (no shield)
rNeg    . . .        a - +0 robe
rPois   +            (no helmet)
rElec   .            (no cloak)
rCorr   .            (no gloves)
SInv    +            (no barding)
Will    .....        (no amulet)
Stlth   ++           q - +6 ring of intelligence
HPRegen 0.27/turn    p - +6 ring of intelligence
MPRegen 0.11/turn

%: no passive effects
@: very slow
A: AC +1, large, see invisible, deformed body, poison resistance, slowness 2,
spit poison 1, naga tail 1
a: Spit Poison


You were on level 3 of the Dungeon.
You visited 1 branch of the dungeon, and saw 4 of its levels.

You collected 197 gold pieces.

Inventory:

Hand Weapons
 f - a +0 vampiric dagger (weapon)
Missiles
 h - 2 throwing nets
Armour
 a - a +0 robe (worn)
Jewellery
 i - a ring of flight
 p - a +6 ring of intelligence (right hand)
 q - a +6 ring of intelligence (left hand)
Wands
 o - a wand of polymorph (7)
Scrolls
 c - 4 scrolls of poison {unknown}
 e - a scroll of immolation {unknown}
 g - a scroll of amnesia {unknown}
 j - 2 scrolls of fog {unknown}
 l - 3 scrolls of identify {unknown}
 s - a scroll of noise {unknown}
Potions
 b - a potion of magic
 d - 2 potions of heal wounds {unknown}
 k - 2 potions of haste {unknown}
 m - a potion of curing {unknown}
 n - a potion of mutation {unknown}
 r - a potion of degeneration {unknown}


   Skills:
 - Level 1.5 Dodging
 - Level 3.3 Stealth
 + Level 2.2 Spellcasting
 + Level 4.9 Conjurations
 * Level 0.1 Summonings
 + Level 3.4 Air Magic


You couldn't memorise any spells.
You knew the following spells:

 Your Spells              Type           Power      Damage    Failure   Level
a - Shock                 Conj/Air       100%       1d9       1%          1
b - Airstrike             Air            11%        2d(2-18)  21%         4
c - Necrotise             Necr           12%        1d4       9%          1
d - Summon Small Mammal   Summ           16%        N/A       8%          1
e - Sting                 Conj/Alch      68%        1d7       3%          1

Your spell library contained the following spells:

 Spells                   Type           Power      Damage    Failure   Level
 Static Discharge         Conj/Air       54%        3-6/arc   2%          2
 Swiftness                Air            23%        N/A       6%          3
 Apportation              Tloc           6%         N/A       9%          1
 Summon Forest            Summ/Tloc      1%         N/A       92%         5
 Summon Mana Viper        Hex/Summ       3%         N/A       92%         5
 Summon Cactus Giant      Summ           2%         N/A       100%        6


Dungeon Overview and Level Annotations

Branches:
Dungeon (4/15)
 Temple: D:4-7

Altars:

Shops:
D:1 (   D:3 (*=


Innate Abilities, Weirdness & Mutations

Your serpentine skin is tough. (AC +1)
You have supernaturally acute eyesight. (SInv)
Armour fits poorly on your strangely shaped body.
Your system is resistant to poisons. (rPois)
You cover ground very slowly.
You can spit poison.
You have a snake-like lower body.


Message History

Casting: Shock (safe; 1% risk of failure)
Confirm with . or Enter, or press ? or * to list all spells.
The orc hits you but does no damage.
The orc priest hits you with a +0 short sword.
The orc closely misses you. The orc barely misses you.
Unknown command.
Casting: Summon Small Mammal (safe; 8% risk of failure)
Confirm with . or Enter, or press ? or * to list all spells.
Aiming: Shock (safe; 1% risk of failure)
Press: ? - help, Shift-Dir - straight line, f - orc priest
Aim: an orc priest, wielding a +0 short sword (74% to hit)
The zap hits the orc priest.
The orc priest is moderately wounded.
The orc closely misses you.
The orc priest hits you with a +0 short sword.
The orc closely misses you. The orc hits you with a +0 trident.
Your rat closely misses the orc.
Casting: Shock (safe; 1% risk of failure)
Confirm with . or Enter, or press ? or * to list all spells.
Aiming: Shock (safe; 1% risk of failure)
Press: ? - help, Shift-Dir - straight line, f/p - orc priest
Aim: an orc priest, wielding a +0 short sword (moderately wounded, 74% to hit)
The zap misses the orc priest.
The orc hits you with a +0 short sword.
The orc priest hits you but does no damage.
The orc hits you with a +0 war axe!
* * * LOW HITPOINT WARNING * * *
The orc completely misses you.
Your rat bites the orc.
Unknown command.
Casting: Shock (safe; 1% risk of failure)
Confirm with . or Enter, or press ? or * to list all spells.
Aiming: Shock (safe; 1% risk of failure)
Press: ? - help, Shift-Dir - straight line, f/p - orc priest
Aim: an orc priest, wielding a +0 short sword (moderately wounded, 74% to hit)
The zap hits the orc priest.
The orc priest is moderately wounded.
The orc closely misses you.
The orc priest hits you with a +0 short sword.
* * * LOW HITPOINT WARNING * * *
The orc misses you. The orc hits you with a +0 trident!
You die...

#.#~##~##~# #.##~~#~~##
####### #.#~#~#~#~# #.....#
##.#~#.#~#~# #....<#
#..############## #.....#
#.[.....# ##...## #.....#
#.......# ##..r..## #.....#
##.....## #..o.o..# #.....#
##.....## #..o@...# #.....#
#.......# #....o..# #.....#
#.......# ##.....## #.....#
#.......# ##.....## #.....#
##......# #..+''..# #####.#
##...#.###..'∩'..# #.#
#.###......'''..########.####
#.# ####.......###..........#
#.#######......##....>......#


You could see an orc priest, 3 orcs and a friendly rat (summoned).

Vanquished Creatures
  An orc priest (D:2)
  2 orc wizards (D:3)
  4 adders
  2 ribbon worms
  A dart slug (D:3)
  7 orcs (D:3)
  11 ball pythons
  8 bats
  5 endoplasms
  A giant cockroach (D:3)
  6 goblins
  6 hobgoblins
  3 jackals (D:1)
  7 kobolds
  A quokka (D:1)
  4 frilled lizards
  6 rats
75 creatures vanquished.

Notes
Turn   | Place    | Note
-------+----------+-------------------------------------------
     0 | D:1      | BeingJoeMalik the Naga Air Elementalist began the quest for
                  | the Orb.
     0 | D:1      | Reached XP level 1. HP: 15/15 MP: 3/3
   109 | D:1      | Reached XP level 2. HP: 15/22 MP: 0/5
   524 | D:1      | Found Gukacyop's Antique Weapon Shoppe.
   709 | D:1      | Reached skill level 2 in Conjurations
   709 | D:1      | Reached XP level 3. HP: 28/28 MP: 3/6
  1830 | D:2      | Reached skill level 3 in Conjurations
  1871 | D:2      | Reached XP level 4. HP: 36/36 MP: 5/7
  2025 | D:2      | Reached skill level 4 in Conjurations
  2025 | D:2      | Reached XP level 5. HP: 18/42 MP: 1/8
  2348 | D:3      | Learned a level 4 spell: Airstrike
  2416 | D:3      | Found Husol's Jewellery Shoppe.
  2538 | D:3      | Found Beamuxitacs's General Store.
  2806 | D:3      | Found Rumoeqik's Weapon Emporium.
  3028 | D:3      | Learned a level 1 spell: Necrotise
  3030 | D:3      | Learned a level 1 spell: Summon Small Mammal
  3032 | D:3      | Learned a level 1 spell: Sting
  3158 | D:3      | Slain by an orc

Illustrated notes

Levels and vault maps discovered:
D:1:      dpeg_arrival_radiant, layout_loops_corners, serial_shops, shop,
          st_stairs_2, chequers_serial_rivers_large_a, minmay_small_reverse_x
D:2:      layout_basic, minmay_shallow_snake_nest
D:3:      layout_rooms, mainiacjoe_sewer_entry_somewhere_in_here_2,
          serial_shops, nicolae_shop_tiny_real_fake_doors,
          nicolae_shop_behind_doors, nicolae_shop_tiny_real_fake_doors,
          minmay_crystal_water, minivault_5
D:4:      layout_gridville, temple_pool_b, uniq_natasha

Skill      XL: |  1  2  3  4 |
---------------+-------------+-----
Conjurations   | 2 3 4 |  4.9
Dodging        | |  1.5
Stealth        | |  3.3
Spellcasting   | |  2.2
Summonings     | |  0.1
Air Magic      | |  3.4

Action                     |  1- 3 |  4- 6 || total
---------------------------+-------+-------++-------
  Melee: Unarmed           |    18 |       ||    18
         Dagger            |     8 |     1 ||     9
   Cast: Shock             |    57 |    67 ||   124
         Summon Small Mamm |       |     1 ||     1
Ability: Spit Poison       |    13 |     8 ||    21
    Use: Scroll            |       |     1 ||     1
 Armour: Robe              |    22 |    31 ||    53
  Dodge: Dodged            |    21 |    15 ||    36
